 Dungeon Crawl Stone Soup version 0.31-a0-152-g6aa68a64a1 (webtiles) character file.

Game seed: 12904451856901590933

610 qw the Shooter (level 7, 0/66 HPs)
             Began as a Naga Hunter on June 9, 2023.
             Was a Follower of Okawaru.
             Slain by an orc
             ... wielding a +3 whip
              (5 damage)
             ... on level 5 of the Dungeon.
             The game lasted 00:01:10 (3659 turns).

qw the Shooter (Naga Hunter)                        Turns: 3659, Time: 00:01:11

Health: 0/66       AC:  6    Str: 16    XL:     7   Next: 43%
Magic:  4/7        EV: 12    Int: 13    God:    Okawaru [*.....]
Gold:   349        SH:  0    Dex: 14    Spells: 6/6 levels left

rFire   . . .        Y - +0 shortbow
rCold   . . .        (shield currently unavailable)
rNeg    . . .        c - +0 leather armour
rPois   +            m - +0 helmet
rElec   .            j - +0 cloak
rCorr   .            (no gloves)
SInv    +            (no barding)
Will    .....        l - amulet of faith
Stlth   +++          (no ring)
HPRegen 0.31/turn    (no ring)
MPRegen 0.10/turn

%: faith
@: short of breath, heroic, very slow
A: AC +2, large, see invisible, deformed body, poison resistance, slowness 2,
spit poison 1, naga tail 1, clever 1, strong 1
a: Spit Poison, Renounce Religion, Heroism


You were on level 5 of the Dungeon.
You worshipped Okawaru.
Okawaru was aware of your devotion.
You visited 2 branches of the dungeon, and saw 6 of its levels.

You collected 349 gold pieces.


Innate Abilities, Weirdness & Mutations

Your serpentine skin is tough. (AC +2)
You have supernaturally acute eyesight. (SInv)
Armour fits poorly on your strangely shaped body.
Your system is resistant to poisons. (rPois)
You cover ground very slowly.
You can spit poison.
You have a snake-like lower body.
Your mind is acute. (Int +4, Str/Dex -1)
Your muscles are strong. (Str +4, Int/Dex -1)


   Skills:
 - Level 4.4(9.4) Fighting
 + Level 6.8(11.8) Ranged Weapons
 - Level 2.3(7.3) Dodging
 - Level 1.5(6.5) Stealth
 + Level 0.2 Invocations


You had 6 spell levels left.
You didn't know any spells.
Your spell library was empty.

Inventory:

Hand Weapons
 Y - a +0 shortbow (weapon)
Armour
 c - a +0 leather armour (worn)
 d - a +0 pair of gloves
 j - a +0 cloak (worn)
 m - a +0 helmet (worn)
Jewellery
 a - the amulet of Fefaqad {Acrobat rElec Will- Dex+3}
   (You found it on level 2 of the Dungeon)

   [amulet of the acrobat]

   It increases your evasion while moving and waiting.
   Dex:       It affects your dexterity (+3).
   rElec:     It insulates you from electricity.
   Will:      It decreases your willpower.
 l - an amulet of faith (around neck)
Scrolls
 b - a scroll of magic mapping {unknown}
 f - a scroll of identify
Potions
 e - a potion of mutation
 g - a potion of resistance {unknown}
 i - a potion of berserk rage {unknown}

Dungeon Overview and Level Annotations

Branches:
Dungeon (5/15)             Temple (1/1) D:4

Altars:
Ashenzari
Cheibriados
Dithmenos
Fedhas
Gozag
Hepliaklqana
Kikubaaqudgha
Makhleb
Nemelex Xobeh
Okawaru
Qazlal
Ru
Sif Muna
Trog
Vehumet
Wu Jian
Yredelemnul


Message History

You shoot an arrow. The arrow hits the orc!
You kill the orc!
Okawaru accepts your kill. The orc hits you but does no damage.
The orc hits you with a +3 whip.
You shoot an arrow. The arrow hits the ogre.
The ogre is lightly wounded.
You have got your breath back.
The adder barely misses you. The orc hits you with a +0 hand axe.
The orc hits you with a +3 whip. The ogre closely misses you.
3655 ||| INVOKING Spit Poison.
Aiming: Spit Poison (1% risk of failure)
Press: ? - help, Shift-Dir - straight line, f/p - ogre The splash of poison hits the ogre!
The ogre is poisoned.
The ogre is heavily wounded.
The adder closely misses you. The orc barely misses you.
The orc hits you with a +0 hand axe.
You shoot an arrow. The arrow barely misses the ogre.
You feel like a meek peon again. The adder bites you but does no damage.
The ogre hits you with a +0 giant spiked club!
The orc barely misses you. x2
3657 ||| INVOKING Heroism.
You gain the combat prowess of a mighty hero.
You have got your breath back.
The adder bites you but does no damage. The adder barely misses you.
The ogre hits you with a +0 giant spiked club!
The orc hits you with a +0 hand axe. The orc hits you with a +3 whip.
3658 ||| DRINKING potion of heal wounds.
You feel much better. The adder bites you but does no damage.
The orc hits you with a +3 whip. The orc hits you but does no damage.
3659 ||| INVOKING Spit Poison.
Aiming: Spit Poison (1% risk of failure)
Press: ? - help, Shift-Dir - straight line, f/p - ogre The splash of poison hits the ogre.
The ogre is almost dead.
The adder bites you.
The ogre hits you with a +0 giant spiked club!
The orc hits you with a +3 whip.
You die...

##....#
#.#####.#....####
......
#.#.......#........
.###)##
.#.#####.......#..#.
....................
.#.####...<....##.#.
#. #..^.....##.#. #.
#.....#####.#.
#.#.#o####.....#
#...
#....o@...######
##.. ......OS...#
### ...#.......# #
.7.........# #
...(7......#
.7.........#
...#.#.##### #. .(..


You could see an ogre (poisoned), an adder and 2 orcs.

Vanquished Creatures
  An ogre (D:5)
  A phantom (D:5)
  3 scorpions
  Terence (D:3)
  An iguana (D:5)
  2 orc wizards (D:4)
  9 adders
  3 gnolls (D:2)
  2 worms
  A dart slug (D:4)
  8 orcs
  3 bats (D:1)
  5 endoplasms
  6 goblins
  6 hobgoblins
  2 quokkas
  5 ball pythons
  3 frilled lizards (D:1)
  3 kobolds
  7 rats
72 creatures vanquished.

Notes
Turn   | Place    | Note
-------+----------+-------------------------------------------
     0 | D:1      | qw the Naga Hunter began the quest for the Orb.
     0 | D:1      | Reached XP level 1. HP: 19/19 MP: 1/1
     0 | D:1      | 0 ||| qw: Version: 0.2-a-122-gbc61b45
     0 | D:1      | 0 ||| qw: Game counter: 3300
     0 | D:1      | 0 ||| qw: Always use a shield: true
     0 | D:1      | 0 ||| qw: God list: Okawaru
     0 | D:1      | 0 ||| qw: Allow faded altars: false
     0 | D:1      | 0 ||| qw: Do Orc after D:15 true
     0 | D:1      | 0 ||| qw: Do second Lair branch before Depths: true
     0 | D:1      | 0 ||| qw: Lair rune preference: random
     0 | D:1      | 0 ||| qw: Plans: Normal
     0 | D:1      | 0 ||| PLANNING D:1-11
    69 | D:1      | 69 ||| INVOKING Spit Poison.
   110 | D:1      | 110 ||| INVOKING Spit Poison.
   111 | D:1      | 111 ||| INVOKING Spit Poison.
   151 | D:1      | 151 ||| INVOKING Spit Poison.
   156 | D:1      | Reached skill level 4 in Ranged Weapons
   156 | D:1      | Reached XP level 2. HP: 26/26 MP: 2/2
   158 | D:1      | 158 ||| INVOKING Spit Poison.
   178 | D:1      | 178 ||| INVOKING Spit Poison.
   199 | D:1      | 199 ||| INVOKING Spit Poison.
   211 | D:1      | 211 ||| INVOKING Spit Poison.
   249 | D:1      | 249 ||| INVOKING Spit Poison.
   255 | D:1      | 255 ||| INVOKING Spit Poison.
   367 | D:1      | 367 ||| INVOKING Spit Poison.
   435 | D:1      | 435 ||| INVOKING Spit Poison.
   521 | D:1      | 521 ||| READING scroll labelled XUGOEFRUOX.
   522 | D:1      | 522 ||| READING scroll labelled ABBERCH EPIDIJI.
   523 | D:1      | 523 ||| DRINKING 3 ruby potions.
   524 | D:1      | 524 ||| DROPPING scroll of butterflies.
   525 | D:1      | 525 ||| DROPPING 2 potions of brilliance.
   571 | D:2      | 571 ||| INVOKING Spit Poison.
   574 | D:2      | Reached XP level 3. HP: 32/32 MP: 3/3
   575 | D:2      | Identified the amulet of Fefaqad {Acrobat rElec Will-
                  | Dex+3}
   596 | D:2      | 596 ||| INVOKING Spit Poison.
   601 | D:2      | 601 ||| INVOKING Spit Poison.
   691 | D:2      | 691 ||| INVOKING Spit Poison.
   844 | D:2      | 844 ||| INVOKING Spit Poison.
   845 | D:2      | Reached skill level 5 in Ranged Weapons
   845 | D:2      | Reached XP level 4. HP: 39/39 MP: 4/4
   848 | D:2      | 848 ||| INVOKING Spit Poison.
   853 | D:2      | 853 ||| INVOKING Spit Poison.
   872 | D:2      | Found a burning altar of Makhleb.
  1062 | D:2      | 1062 ||| INVOKING Spit Poison.
  1066 | D:2      | 1066 ||| INVOKING Spit Poison.
  1406 | D:2      | 1406 ||| UPGRADING to +0 cloak.
  1411 | D:2      | 1411 ||| UPGRADING to amulet of Fefaqad {Acrobat rElec
                  | Will- Dex+3}.
  1416 | D:2      | 1416 ||| READING scroll labelled MIZXOC BEKURPH.
  1490 | D:2      | 1490 ||| READING scroll labelled YRUISHR PABRUETHU.
  1491 | D:2      | 1491 ||| READING scroll labelled TOD DUMAOL.
  1494 | D:2      | 1494 ||| DRINKING 2 bubbling dark potions.
  1494 | D:2      | Gained mutation: Your mind is acute. (Int +4, Str/Dex -1)
                  | [potion of mutation]
  1494 | D:2      | Gained mutation: Your muscles are strong. (Str +4, Int/Dex
                  | -1) [potion of mutation]
  1540 | D:3      | 1540 ||| INVOKING Spit Poison.
  1543 | D:3      | Reached skill level 3 in Fighting
  1607 | D:3      | 1607 ||| INVOKING Spit Poison.
  1655 | D:3      | 1655 ||| INVOKING Spit Poison.
  1677 | D:3      | Noticed Terence
  1678 | D:3      | 1678 ||| INVOKING Spit Poison.
  1679 | D:3      | 1679 ||| INVOKING Spit Poison.
  1685 | D:3      | 1685 ||| INVOKING Spit Poison.
  1685 | D:3      | HP: 10/42 [Terence/+0 flail (9)]
  1686 | D:3      | Killed Terence
  1687 | D:3      | Reached XP level 5. HP: 13/49 MP: 5/5
  1818 | D:3      | 1818 ||| INVOKING Spit Poison.
  2059 | D:3      | 2059 ||| INVOKING Spit Poison.
  2214 | D:4      | 2214 ||| FLEEEEING.
  2215 | D:4      | 2215 ||| FLEEEEING.
  2239 | D:4      | 2239 ||| INVOKING Spit Poison.
  2243 | D:4      | 2243 ||| INVOKING Spit Poison.
  2255 | D:4      | 2255 ||| INVOKING Spit Poison.
  2261 | D:4      | 2261 ||| INVOKING Spit Poison.
  2265 | D:4      | 2265 ||| INVOKING Spit Poison.
  2380 | D:4      | 2380 ||| INVOKING Spit Poison.
  2393 | D:4      | 2393 ||| INVOKING Spit Poison.
  2397 | D:4      | 2397 ||| INVOKING Spit Poison.
  2411 | D:4      | 2411 ||| INVOKING Spit Poison.
  2415 | D:4      | Reached skill level 6 in Ranged Weapons
  2415 | D:4      | Reached XP level 6. HP: 56/56 MP: 6/6
  2447 | D:4      | 2447 ||| INVOKING Spit Poison.
  2467 | D:4      | 2467 ||| INVOKING Spit Poison.
  2493 | D:4      | 2493 ||| INVOKING Spit Poison.
  2499 | D:4      | 2499 ||| INVOKING Spit Poison.
  2800 | D:4      | Found a staircase to the Ecumenical Temple.
  2801 | D:4      | 2801 ||| PLANNING TEMPLE
  2801 | D:4      | 2801 ||| UPGRADING to +0 helmet.
  2806 | D:4      | 2806 ||| UPGRADING to amulet of faith.
  2816 | D:4      | 2816 ||| READING scroll labelled OPRAXZ ORPHO VEE.
  2817 | D:4      | 2817 ||| DRINKING 2 pink potions.
  2818 | D:4      | 2818 ||| READING 3 scrolls of identify.
  2818 | D:4      | 2818 ||| IDENTIFYING bubbling ruby potion
  2819 | D:4      | 2819 ||| READING 2 scrolls of identify.
  2819 | D:4      | 2819 ||| IDENTIFYING fizzy yellow potion
  2820 | D:4      | 2820 ||| DROPPING potion of ambrosia.
  2821 | D:4      | 2821 ||| DROPPING potion of degeneration.
  2828 | Temple   | Entered the Ecumenical Temple
  2829 | Temple   | 2829 ||| PLANNING OKAWARU WORSHIP
  2850 | Temple   | Became a worshipper of Warmaster Okawaru
  2850 | Temple   | 2850 ||| PLANNING D:1-11
  3025 | D:4      | 3025 ||| INVOKING Spit Poison.
  3149 | D:5      | Entered Level 5 of the Dungeon
  3158 | D:5      | 3158 ||| INVOKING Spit Poison.
  3169 | D:5      | 3169 ||| INVOKING Spit Poison.
  3173 | D:5      | 3173 ||| INVOKING Spit Poison.
  3178 | D:5      | 3178 ||| INVOKING Spit Poison.
  3181 | D:5      | 3181 ||| INVOKING Spit Poison.
  3290 | D:5      | Found a blossoming altar of Fedhas.
  3308 | D:5      | Found a sparkling altar of Nemelex Xobeh.
  3355 | D:5      | 3355 ||| INVOKING Spit Poison.
  3409 | D:5      | 3409 ||| INVOKING Spit Poison.
  3415 | D:5      | 3415 ||| INVOKING Spit Poison.
  3417 | D:5      | Reached XP level 7. HP: 58/66 MP: 7/7
  3427 | D:5      | 3427 ||| INVOKING Spit Poison.
  3428 | D:5      | Reached * piety under Okawaru
  3526 | D:5      | 3526 ||| INVOKING Heroism.
  3527 | D:5      | 3527 ||| INVOKING Heroism.
  3528 | D:5      | 3528 ||| INVOKING Spit Poison.
  3534 | D:5      | 3534 ||| INVOKING Spit Poison.
  3636 | D:5      | 3636 ||| INVOKING Spit Poison.
  3639 | D:5      | 3639 ||| INVOKING Spit Poison.
  3645 | D:5      | 3645 ||| INVOKING Heroism.
  3646 | D:5      | 3646 ||| INVOKING Spit Poison.
  3651 | D:5      | 3651 ||| INVOKING Spit Poison.
  3655 | D:5      | 3655 ||| INVOKING Spit Poison.
  3657 | D:5      | 3657 ||| INVOKING Heroism.
  3657 | D:5      | HP: 15/66 [ogre/+0 giant spiked club (7)]
  3657 | D:5      | HP: 7/66 [orc/+3 whip (2)]
  3658 | D:5      | 3658 ||| DRINKING potion of heal wounds.
  3659 | D:5      | 3659 ||| INVOKING Spit Poison.
  3659 | D:5      | Slain by an orc

Levels and vault maps discovered:
D:1:      doesnt_arrival_eight_statues, layout_loops_ring,
          dreamdust_wishing_well
D:2:      layout_basic, basic_altar
D:3:      cheibrodos_old_hovel, layout_basic, uniq_terence
D:4:      layout_basic, minmay_temple_entry_tees, st_stairs_11
D:5:      layout_basic, mainiacjoe_overflow_catwalk,
          mainiacjoe_overflow_tiny_flanked, nicolae_kite_square_tiling_tiny,
          fountainhead
Temple:   hellmonk_temple_two_chambers

Skill      XL: |  1  2  3  4  5  6 |
---------------+-------------------+-----
Ranged Weapons | 4 5 6 |  6.8
Fighting       | 3 4 |  4.4
Dodging        | 2 |  2.3
Stealth        | |  1.5
Invocations    | |  0.2

Action                     |  1- 3 |  4- 6 |  7- 9 || total
---------------------------+-------+-------+-------++-------
   Fire: Shortbow          |    39 |    86 |    36 ||   161
 Invoke: Heroism           |       |       |     3 ||     3
Ability: Spit Poison       |    16 |    33 |     9 ||    58
    Use: Scroll            |     2 |     6 |       ||     8
         Potion            |     1 |     2 |     1 ||     4
 Armour: Leather armour    |     1 |    13 |     8 ||    22
  Dodge: Dodged            |     7 |    25 |    34 ||    66

Table legend:
 A = Non-vault XP
 B = Vault XP
 C = Vault XP percentage of total XP
 D = Non-vault monster count
 E = Vault monster count
 F = Vault count percentage of total count
                 A         B        C        D         E       F
            +---------+---------+-------+---------+---------+-------
      Total |     795 |      77 |   8.8 |      67 |       5 |   6.9
            +---------+---------+-------+---------+---------+-------
        D:1 |      28 |       0 |   0.0 |      18 |       0 |   0.0
        D:2 |     123 |       0 |   0.0 |      15 |       0 |   0.0
        D:3 |      24 |      38 |  61.3 |       8 |       2 |  20.0
        D:4 |     179 |      39 |  17.9 |      17 |       3 |  15.0
        D:5 |     441 |       0 |   0.0 |       9 |       0 |   0.0
            +---------+---------+-------+---------+---------+-------
